 Dungeon Crawl Stone Soup version 0.28-a0-1518-gbe868bca14 (webtiles) character file.

Game seed: 16201121269018500901

146 hashsling the Magician (level 5, -2/28 HPs)
             Began as a Deep Elf Hedge Wizard on Jan 16, 2022.
             Slain by a kobold brigand (12 damage)
             ... in a sewer.
             The game lasted 00:10:17 (3124 turns).

hashsling the Magician (Deep Elf Hedge Wizard)      Turns: 3124, Time: 00:10:17

Health: -2/28      AC:  2    Str:  7    XL:     5   Next: 7%
Magic:  0/15       EV: 13    Int: 21    God:
Gold:   94         SH:  0    Dex: 20    Spells: 8/16 levels left

rFire   . . .      SeeInvis .   n - +0 battleaxe
rCold   . . .      Faith    .   (shield currently unavailable)
rNeg    . . .      Spirit   .   b - +0 robe
rPois   .          Reflect  .   c - +0 hat
rElec   .          Harm     .   (no cloak)
rCorr   .          Rampage  .   (no gloves)
Will    .....                   (no boots)
Stlth   +.........              (no amulet)
HPRegen 0.09/turn               s - +6 ring of dexterity
MPRegen 0.14/turn               (no ring)

@: very slow
A: no striking features
a: no special abilities


You were in a sewer.
You visited 1 branch of the dungeon, and saw 3 of its levels.
You also visited: Sewer.

You collected 94 gold pieces.

Inventory:

Hand Weapons
 a - a +0 dagger
 n - a +0 battleaxe (weapon)
 r - a +1 falchion of holy wrath
Missiles
 p - 13 poisoned darts
Armour
 b - a +0 robe (worn)
 c - a +0 hat (worn)
 q - a +0 pair of boots
Jewellery
 s - a +6 ring of dexterity (left hand)
Scrolls
 d - a scroll of enchant weapon {unknown}
 f - a scroll of enchant armour {unknown}
 i - a scroll of teleportation {unknown}
 k - 5 scrolls of identify {unknown}
 m - 2 scrolls of fear {unknown}
 o - a scroll of amnesia {unknown}
 u - a scroll of holy word {unknown}
 v - a scroll of fog {unknown}
 x - a scroll of magic mapping {unknown}
Potions
 e - 2 potions of curing
 g - a potion of berserk rage {unknown}
 h - 2 potions of mutation {unknown}
 j - 3 potions of attraction {unknown}
 l - a potion of might {unknown}
 t - a potion of haste {unknown}
 w - a potion of magic {unknown}
 z - a potion of heal wounds {unknown}


   Skills:
 - Level 2.4 Dodging
 - Level 2.4 Stealth
 * Level 6.2 Spellcasting
 * Level 3.6 Conjurations
 - Level 2.0 Summonings
 - Level 1.1 Translocations


You had 8 spell levels left.
You knew the following spells:

 Your Spells              Type           Power      Damage    Failure   Level
a - Magic Dart            Conj           84%        1d7       2%          1
b - Blink                 Tloc           22%        N/A       9%          2
c - Call Imp              Summ           14%        N/A       6%          2
d - Conjure Flame         Conj/Fire      14%        6-21      14%         3

Your spell library contained the following spells:

 Spells                   Type           Power      Damage    Failure   Level
 Slow                     Hex            24%        N/A       10%         1
 Mephitic Cloud           Conj/Pois/Air  11%        N/A       17%         3


Dungeon Overview and Level Annotations

Branches:
Dungeon (3/15)              Sewer (1/1)

Altars:
Gozag


Message History

* * * LOW HITPOINT WARNING * * *
Your crimson imp barely misses the kobold brigand.
Casting: Magic Dart (safe; 2% risk of failure)
Confirm with . or Enter, or press ? or * to list all spells.
You blink.
Splash!
You fall into the shallow water.
Moving in this stuff is going to be slow.
Your crimson imp hits the kobold brigand.
Throw: 15 darts (poison)
Press: ? - help, Shift-Dir - straight line, f - kobold brigand
Aim: a kobold brigand, wielding a +3 short sword and quivering poisoned darts (lightly wounded, ally target, 55% to hit)
Really fire in your crimson imp's direction?
You throw a poisoned dart.
The poisoned dart hits the kobold brigand.
The kobold brigand is lightly wounded.
The kobold brigand throws a poisoned dart.
The poisoned dart hits you!
You are poisoned.
Your crimson imp barely misses the kobold brigand.
It was a potion of curing.
You feel better.
Throw: 14 darts (poison)
Press: ? - help, Shift-Dir - straight line, f/p - kobold brigand
Aim: a kobold brigand, wielding a +3 short sword and quivering poisoned darts (lightly wounded, ally target, 55% to hit)
Really fire in your crimson imp's direction?
You throw a poisoned dart. The poisoned dart hits the kobold.
Your unstable footing causes you to fumble your attack.
You feel stable enough to blink again. The kobold barely misses you.
The kobold brigand hits you with a +3 short sword.
Your magical contamination has completely faded away.
Aiming: Magic Dart (safe; 2% risk of failure)
Press: ? - help, Q - select action, (/) - cycle Shift-Dir - straight line, f/p - kobold brigand
Aim: a kobold brigand, wielding a +3 short sword and quivering poisoned darts (lightly wounded, ally target, 100% to hit)
The magic dart hits the kobold brigand but does no damage.
The kobold brigand is lightly wounded.
Your crimson imp hits the kobold brigand.
The kobold hits you with a +0 short sword.
The kobold brigand hits you with a +3 short sword!
You die...

###.####..####
#####............##
###.................#
#))).............P..P ####
##...(.......P.....P..
#....#.).......P...........
#....'.)≈.5.≈≈≈.......≈.P..
#!∩..'≈≈..K.≈≈≈≈≈≈...≈P≈≈≈.
#.!!.#≈≈≈K@≈≈≈≈P≈P..P≈≈P≈≈≈
##############≈#######≈#≈##
#≈≈≈≈≈≈≈≈≈≈≈≈≈≈≈≈≈≈≈≈≈≈≈
#≈≈≈≈≈≈≈≈≈≈≈≈≈≈≈≈≈≈≈≈≈≈≈
#≈≈≈≈≈≈≈≈≈≈≈≈≈≈≈≈≈≈≈≈≈≈≈
######≈##########≈≈≈≈######
#....#≈P≈P...P≈P≈≈≈≈≈≈≈≈P..
#.∩..)≈≈≈≈...≈≈≈≈≈≈≈≈≈≈≈≈..
#....))P.≈.......≈≈≈≈..P...


You could see a kobold brigand (ally target), a kobold and a friendly crimson
imp (summoned).

Vanquished Creatures
  2 adders
  An adder skeleton (D:3)
  A dart slug (D:2)
  7 endoplasms
  4 giant cockroaches
  2 goblins
  A hobgoblin (D:2)
  2 quokkas
  4 ball pythons
  4 bats
  7 frilled lizards
  A jackal skeleton (D:3)
  A jackal zombie (D:3)
  14 kobolds
  8 rats
59 creatures vanquished.

Vanquished Creatures (collateral kills)
  A water moccasin skeleton (D:3)
  3 worms (D:3)
  A ball python (Sewer)
  4 kobolds (Sewer)
9 creatures vanquished.

Vanquished Creatures (others)
  A withered plant (D:3)
1 creature vanquished.

Grand Total: 69 creatures vanquished

Notes
Turn   | Place    | Note
-------+----------+-------------------------------------------
     0 | D:1      | hashsling the Deep Elf Hedge Wizard began the quest for the
                  | Orb.
     0 | D:1      | Reached XP level 1. HP: 10/10 MP: 7/7
   508 | D:1      | Reached XP level 2. HP: 15/15 MP: 7/9
   511 | D:1      | Learned a level 2 spell: Blink
   514 | D:1      | Learned a level 2 spell: Call Imp
   870 | D:1      | Reached skill level 5 in Spellcasting
  1221 | D:2      | Found an opulent altar of Gozag.
  1331 | D:2      | Reached XP level 3. HP: 19/19 MP: 6/11
  1335 | D:2      | Learned a level 3 spell: Conjure Flame
  1782 | D:2      | Found a faded altar of an unknown god.
  2364 | D:3      | Reached skill level 6 in Spellcasting
  2364 | D:3      | Reached XP level 4. HP: 3/24 MP: 8/14
  2433 | D:3      | Found a glowing drain.
  2463 | Sewer    | Entered a sewer
  2825 | Sewer    | Reached XP level 5. HP: 28/28 MP: 11/15
  3124 | Sewer    | Slain by a kobold brigand

Illustrated notes

Levels and vault maps discovered:
D:1:      dpeg_arrival_three_smaller_balls, layout_loops_ring
D:2:      layout_loops_cross, nicolae_ecumenical_oubliette, basic_altar,
          grunt_decor_one_mirror
D:3:      layout_loops_ring, gammafunk_temple_overflow_elements,
          cheibrodos_sewer_entry_bend, serial_undead, serial_undead_f,
          serial_undead_c, serial_undead_f, serial_undead_c, minmay_distorted,
          uniq_crazy_yiuf_cottage
Sewer:    kennysheep_pipe_town

Skill      XL: |  1  2  3  4 |
---------------+-------------+-----
Conjurations   | 2 3 |  3.6
Spellcasting   | 5 6 |  6.2
Summonings     | 2 |  2.0
Dodging        | |  2.4
Stealth        | |  2.4
Translocations | |  1.1

Action                   |  1- 3 |  4- 6 || total
-------------------------+-------+-------++-------
Melee: Dagger            |     2 |       ||     2
       Battleaxe         |     7 |     8 ||    15
Throw: Dart              |       |     2 ||     2
 Cast: Magic Dart        |    82 |    36 ||   118
       Call Imp          |     3 |     5 ||     8
       Blink             |     2 |     3 ||     5
  Use: Potion            |       |     1 ||     1
 Stab: Sleeping          |     1 |       ||     1
Armor: Robe              |     5 |       ||     5
Dodge: Dodged            |    17 |    11 ||    28

Table legend: (Time is in decaauts)
 A = Elapsed time spent in this place.
 B = Non-inter-level travel time spent in this place.
 C = Inter-level travel time spent in this place.
 D = Time resting spent in this place.
 E = Time spent auto-exploring this place.
 F = Levels seen in this place.
 G = Mean time per level.
                   A        B        C        D        E       F      G
               +--------+--------+--------+--------+--------+-----+--------+
         Total |   3161 |   3106 |     55 |    149 |   2346 |   4 |  790.2 |
       Dungeon |   2474 |   2419 |     55 |      0 |   1909 |   3 |  824.7 |
         Sewer |    687 |    687 |      0 |    149 |    437 |   1 |  687.0 |
               +--------+--------+--------+--------+--------+-----+--------+

Top non-repeatable levels by time:
     D:1: 1202 daAuts
     D:2: 813 daAuts
   Sewer: 687 daAuts
     D:3: 459 daAuts
